 Dungeon Crawl Stone Soup version 0.29-a0-648-g6b26cc9f40 (webtiles) character file.

Game seed: 1952568589630741881

102 zishaf the Sneak (level 4, -1/23 HPs)
             Began as a Vine Stalker Brigand on June 20, 2022.
             Succumbed to an orc wizard's poison
             ... on level 2 of the Dungeon.
             The game lasted 00:03:41 (1545 turns).

zishaf the Sneak (Vine Stalker Brigand)             Turns: 1545, Time: 00:03:41

Health: -1/23      AC:  6    Str: 13    XL:     4   Next: 77%
Magic:  2/5        EV: 10    Int: 11    God:
Gold:   127        SH:  0    Dex: 18    Spells: 3/3 levels left

rFire   . . .      SeeInvis .   a - +2 dagger
rCold   . . .      Faith    .   (no shield)
rNeg    . . .      Spirit   +   t - +0 ring mail
rPois   .          Reflect  .   (no helmet)
rElec   .          Harm     .   c - +0 cloak
rCorr   .          Rampage  .   (no gloves)
Will    .....                   (no boots)
Stlth   +++.......              (no amulet)
HPRegen 0.87/turn               (no ring)
MPRegen 0.09/turn               (no ring)

@: lethally poisoned (-1 -> -8)
A: fangs 2, regeneration 1, magic shield, antimagic bite, no potion heal 2
a: no special abilities


You were on level 2 of the Dungeon.
You visited 1 branch of the dungeon, and saw 3 of its levels.

You collected 127 gold pieces.

Inventory:

Hand Weapons
 a - a +2 dagger (weapon)
Missiles
 d - 9 poisoned darts (quivered)
 e - 3 curare-tipped darts
Armour
 b - a +0 robe
 c - a +0 cloak (worn)
 t - a +0 ring mail (worn)
Jewellery
 q - a ring of ice
Scrolls
 f - 4 scrolls of teleportation {unknown}
 g - a scroll of enchant weapon {unknown}
 j - a scroll of immolation {unknown}
 k - 2 scrolls of fear {unknown}
 l - 2 scrolls of identify {unknown}
 o - a scroll of noise {unknown}
 p - a scroll of torment {unknown}
 r - a scroll of enchant armour {unknown}
Potions
 h - a potion of curing {unknown}
 i - a potion of heal wounds {unknown}
 m - a potion of lignification {unknown}
 n - 2 potions of ambrosia {unknown}
 s - a potion of flight {unknown}


   Skills:
 + Level 2.8 Fighting
 + Level 2.8 Short Blades
 - Level 2.0 Throwing
 - Level 1.0 Dodging
 + Level 5.8 Stealth


You had 3 spell levels left.
You didn't know any spells.
Your spell library contained the following spells:

 Spells                   Type           Power      Damage    Failure   Level
 Freeze                   Ice            0%         1d3       61%         1
 Ensorcelled Hibernation  Hex/Ice        0%         N/A       75%         2
 Frozen Ramparts          Ice            0%         1d2       93%         3
 Spider Form              Tmut/Pois      0%         N/A       93%         3
 Anguish                  Hex/Necr       0%         N/A       100%        4
 Hailstorm                Conj/Ice       0%         3d3       100%        4


Dungeon Overview and Level Annotations

Branches:
Dungeon (3/15)

Altars:

Shops:
D:2 =


Innate Abilities, Weirdness & Mutations

You have extremely sharp teeth.
Your natural rate of healing is unusually fast.
When hurt, damage is shared between your health and your magic reserves.
Your bite disrupts and absorbs the magic of your enemies.
Potions cannot restore your health.


Message History

The orc is heavily wounded.
The orc closely misses you.
You barely miss the orc wizard. The orc wizard barely misses you.
The orc hits you with a +0 club.
You hit the orc wizard.
The orc wizard is lightly wounded.
The orc hits you with a +0 club. The orc hits you but does no damage.
The orc wizard barely misses you. The orc hits you but does no damage.
You miss the orc wizard.
The orc wizard is lightly wounded.
The orc hits you with a +0 club. The orc misses you.
The orc wizard closely misses you. The orc completely misses you.
You hit the orc but do no damage. You bite the orc, but do no damage.
The orc is heavily wounded.
The orc hits you with a +0 mace. The orc hits you but does no damage.
The orc wizard hits you with a +2 dagger of venom.
You are poisoned.
The orc hits you but does no damage. The orc closely misses you.
You hit the orc. You bite the orc, but do no damage.
The orc is heavily wounded.
You feel very sick. The orc hits you but does no damage.
The orc wizard hits you but does no damage.
You are more poisoned.
The orc closely misses you. The orc barely misses you.
The orc hits you with a +0 hand axe.
The orc wizard attacks as you move away!
The orc wizard barely misses you.
You feel very sick.
There is a stone staircase leading up here.
You feel very sick. The orc hits you with a +0 club.
The orc wizard hits you but does no damage.
You are lethally poisoned!
The orc barely misses you.
You climb upwards.
* * * LOW HITPOINT WARNING * * *
You feel extremely sick.
There is a stone staircase leading down here.
You die...

.....##.#######....>...#
.............#...#####.#
.........###.#..÷#####.#
.......................#
....#.#....#.##...####.#
...........#.........###
..#........#####o.##.#
.##.#...##.#....o>o..#
.##.#.#....#.###@.####
..............P.♣.#
....#..#####.≈P≈PP#
#####..# ##♣♣.≈.#
..#...### #.###.#####
........# #.#.......#
#.#...#######.#.#.###.#
.........##...)...# #.#
.......#.##.#.##..# #.#


You could see an orc wizard and 2 orcs.

Vanquished Creatures
  A gnoll (D:2)
  5 adders (D:2)
  5 ball pythons
  2 endoplasms (D:1)
  A giant cockroach (D:2)
  4 goblins
  6 hobgoblins
  3 quokkas
  4 bats (D:1)
  6 frilled lizards
  9 kobolds
  5 rats
51 creatures vanquished.

Notes
Turn   | Place    | Note
-------+----------+-------------------------------------------
     0 | D:1      | zishaf the Vine Stalker Brigand began the quest for the
                  | Orb.
     0 | D:1      | Reached XP level 1. HP: 11/11 MP: 2/2
    92 | D:1      | Reached skill level 1 in Dodging
    92 | D:1      | Reached XP level 2. HP: 11/15 MP: 3/3
   109 | D:1      | Reached skill level 5 in Stealth
   621 | D:1      | Reached XP level 3. HP: 15/18 MP: 2/4
  1029 | D:2      | Found Zerodos's Jewellery Boutique.
  1175 | D:2      | Gained mutation: Your natural rate of healing is unusually
                  | fast. [Vine Stalker growth]
  1175 | D:2      | Reached XP level 4. HP: 23/23 MP: 5/5
  1314 | D:2      | Found a faded altar of an unknown god.
  1545 | D:2      | Succumbed to an orc wizard's poison

Illustrated notes

Levels and vault maps discovered:
D:1:      dpeg_arrival_solitude, layout_rooms
D:2:      minmay_angry_zag, layout_basic, ebering_ecumenical_altar_rust,
          serial_shops, shop, serial_bayou_pond_e
D:3:      layout_loops_corners, uniq_robin

Skill      XL: |  1  2 |
---------------+-------+-----
Dodging        | 1 |  1.0
Throwing       | 2 |  2.0
Stealth        | 5 |  5.8
Fighting       | 2 |  2.8
Short Blades   | 2 |  2.8

Action                   |  1- 3 |  4- 6 || total
-------------------------+-------+-------++-------
Melee: Dagger            |    74 |    66 ||   140
       Bite              |    15 |    21 ||    36
       Punch             |     1 |       ||     1
 Stab: Sleeping          |     7 |     1 ||     8
Armor: Robe              |    36 |     8 ||    44
       Ring mail         |       |     7 ||     7
Dodge: Dodged            |    57 |    36 ||    93

Table legend: (Time is in decaauts)
 A = Elapsed time spent in this place.
 B = Non-inter-level travel time spent in this place.
 C = Inter-level travel time spent in this place.
 D = Time resting spent in this place.
 E = Time spent auto-exploring this place.
 F = Levels seen in this place.
 G = Mean time per level.
                   A        B        C        D        E       F      G
               +--------+--------+--------+--------+--------+-----+--------+
         Total |   1529 |   1443 |     86 |     18 |    999 |   3 |  509.7 |
       Dungeon |   1529 |   1443 |     86 |     18 |    999 |   3 |  509.7 |
               +--------+--------+--------+--------+--------+-----+--------+

Top non-repeatable levels by time:
     D:1: 813 daAuts
     D:2: 705 daAuts
     D:3: 10 daAuts
